 Dungeon Crawl Stone Soup version 0.31-a0-846-gb3bcc0d938 (webtiles) character file.

Game seed: 14717616055085337613

501 lunkers the Grappler (level 7, -2/52 HPs)
             Began as a Meteoran Shapeshifter on Oct 3, 2023.
             Was an Initiate of Dithmenos.
             Slain by a wight
             ... wielding a +0 battleaxe
              (15 damage)
             ... on level 6 of the Dungeon.
             The game lasted 00:04:42 (1704 turns).

lunkers the Grappler (Meteoran Shapeshifter)        Turns: 1704, Time: 00:04:43

Health: -2/52      AC:  5    Str: 17    XL:     7   Next: 68%
Magic:  8/8        EV: 11    Int: 11    God:    Dithmenos [......]
Gold:   179        SH:  0    Dex: 15    Spells: 6/6 levels left

rFire   . .          .
                       - Unarmed
rCold   . . .        (no shield)
rNeg    . . .        p - +0 ring mail
rPois   .            (helmet currently unavailable)
rElec   .            (cloak currently unavailable)
rCorr   .            (gloves currently unavailable)
SInv    .            (boots currently unavailable)
Will    .....        (no amulet)
Stlth   +            (no ring)
HPRegen 0.28/turn    (no ring)
MPRegen 0.11/turn

%: no passive effects
@: beast-form, glowing
A: beast (slay +3), sense surroundings 1, otherworldly, glowing, explore regen
a: Begin Untransformation, Renounce Religion


You were on level 6 of the Dungeon.
You worshipped Dithmenos.
Dithmenos was noncommittal.
You were a hulking beast.
You visited 1 branch of the dungeon, and saw 6 of its levels.

You collected 179 gold pieces.

Inventory:

Armour
 a - a +0 animal skin
 f - a +0 helmet
 p - a +0 ring mail (worn)
Jewellery
 b - an amulet of magic regeneration
 o - a ring of wizardry
Talismans
 c - a beast talisman (active)
 d - a flux talisman
Wands
 q - a wand of charming (13)
Scrolls
 h - a scroll of fog {unknown}
 j - a scroll of teleportation {unknown}
 n - 7 scrolls of identify {unknown}
 r - a scroll of noise {unknown}
 t - a scroll of poison {unknown}
 v - a scroll of acquirement {unknown}
Potions
 e - a potion of brilliance {unknown}
 g - a potion of heal wounds {unknown}
 i - 2 potions of ambrosia {unknown}
 k - a potion of enlightenment {unknown}
 l - a potion of degeneration {unknown}
 m - a potion of curing {unknown}
 s - a potion of haste {unknown}
 u - a potion of mutation {unknown}


   Skills:
 - Level 1.1 Fighting
 - Level 2.1 Dodging
 * Level 8.0 Unarmed Combat
 + Level 5.9 Shapeshifting


You had 6 spell levels left.
You didn't know any spells.
Your spell library contained the following spells:

 Spells                   Type           Power      Damage    Failure   Level
 Tukima's Dance           Hex            0%         N/A       89%         3
 Dimensional Bullseye     Hex/Tloc       0%         N/A       100%        4
 Iskenderun's Mystic Bla  Conj/Tloc      0%         2d3       100%        4


Dungeon Overview and Level Annotations

Branches:
Dungeon (6/15) Zot: 1919   Temple (0/1) D:4

Altars:
Ashenzari
Dithmenos
Qazlal
Sif Muna

Shops:
D:1 :


Innate Abilities, Weirdness & Mutations

You are a hulking beast.
Your limbs bulge with bestial killing power. (Slay +3)
You passively map a small area around you.
You are easily found by Zot.
You glow in the dark.
You regain HP and MP as you explore.


Message History

No target in view!
No target in view!
No target in view!
No target in view!
No target in view!
You feel very sick.
Things that are here:
a +1 morningstar of venom; a +0 robe You feel very sick.
Things that are here:
a +3 long sword of freezing; a +0 robe 2 wights come into view.
A wight is wielding a +5 halberd of freezing.
You feel very sick.
You feel very sick.
A wight comes into view. It is wielding a +4 dire flail.
Things that are here:
a +3 long sword of freezing; a +0 robe You feel sick.
You feel sick.
You feel sick.
You feel sick.
You feel sick.
You see here a +0 leather armour.
You feel sick.
You feel sick.
You feel sick.
You are no longer poisoned.
You hit the wight.
The wight is lightly damaged.
The wight closely misses you.
You hit the wight.
The wight is moderately damaged.
You hit the wight.
The wight is heavily damaged.
The wight barely misses you. The wight closely misses you.
You hit the wight.
The wight is severely damaged.
The wight hits you with a +0 battleaxe!
You die...

, #.# , *
... * * #.#
* #.# ### *
#.# ..# ,
#.#####.#
#..)....# *
####.####..#
*##
#....zzh..<#
*..
#z##########
* #.##)# ,
#...)# *
#z#z## * #
#.. ##.# *
z# , * * .#


You could see 3 wights.

Vanquished Creatures
  Eustachio (D:4)
  An ogre (D:5)
  2 wights (D:6)
  An iguana (D:5)
  4 adders
  A shadow imp (D:6)
  An ufetubus (D:4)
  A worm (D:4)
  3 dart slugs
  7 orcs
  3 endoplasms
  5 giant cockroaches
  12 goblins
  11 hobgoblins
  3 jackals (D:5)
  3 kobolds
  4 quokkas
  8 ball pythons
  4 bats
  A frilled lizard (D:1)
  7 rats
83 creatures vanquished.

Notes
Turn   | Place    | Note
-------+----------+-------------------------------------------
     0 | D:1      | lunkers the Meteoran Shapeshifter began the quest for the
                  | Orb.
     0 | D:1      | Reached XP level 1. HP: 16/16 MP: 2/2
    80 | D:1      | Found Udejiass's Book Emporium.
    97 | D:1      | Reached skill level 4 in Unarmed Combat
    97 | D:1      | Reached XP level 2. HP: 17/23 MP: 3/3
   308 | D:2      | Reached XP level 3. HP: 12/28 MP: 4/4
   538 | D:2      | Reached XP level 4. HP: 33/35 MP: 5/5
   551 | D:2      | Reached skill level 5 in Unarmed Combat
   925 | D:3      | Found a shimmering blue altar of Sif Muna.
   925 | D:3      | Found a broken altar of Ashenzari.
  1032 | D:3      | Reached XP level 5. HP: 39/40 MP: 6/6
  1089 | D:4      | Found a shadowy altar of Dithmenos.
  1148 | D:4      | Became a worshipper of Dithmenos the Shadowed
  1218 | D:4      | Noticed Eustachio
  1255 | D:4      | Killed Eustachio
  1256 | D:4      | Reached skill level 6 in Unarmed Combat
  1256 | D:4      | Reached skill level 5 in Shapeshifting
  1256 | D:4      | Reached XP level 6. HP: 42/47 MP: 7/7
  1310 | D:4      | Found a staircase to the Ecumenical Temple.
  1387 | D:4      | Reached skill level 7 in Unarmed Combat
  1403 | D:5      | Entered Level 5 of the Dungeon
  1423 | D:5      | Found a stormy altar of Qazlal.
  1424 | D:5      | Noticed a fire elemental
  1424 | D:5      | Noticed a water elemental
  1424 | D:5      | Noticed an air elemental
  1456 | D:5      | Noticed an ogre
  1475 | D:5      | Killed an ogre
  1476 | D:5      | Reached XP level 7. HP: 52/52 MP: 8/8
  1689 | D:6      | Reached skill level 8 in Unarmed Combat
  1704 | D:6      | Slain by a wight

Illustrated notes

Levels and vault maps discovered:
D:1:      ncdulo_lavacross, layout_basic, serial_shops,
          nicolae_book_shop_shelving, serial_corexii_hall,
          chequers_hall_statues_wall_a, corexii_hall_statues_t
D:2:      cheibrodos_greedy_goblins, layout_rooms, serial_curves,
          eino_curves_03, eino_curves_01, eino_curves_02, eino_curves_02,
          chequers_mini_garden
D:3:      layout_loops_ring, vehumet_crystals,
          mainiacjoe_overflow_large_starburst
D:4:      layout_rooms, nicolae_overflow_hidden_temple,
          mainiacjoe_overflow_boulevard, kennysheep_little_box,
          minmay_temple_entry_wispy, kennysheep_generic_room_14, uniq_eustachio
D:5:      layout_basic, lightli_temple_of_fire,
          nicolae_qazlal_style_of_elements, mainiacjoe_overflow_cross_hatched,
          uniq_blork_the_orc
D:6:      layout_basic, mainiacjoe_overflow_catwalk,
          mainiacjoe_overflow_tiny_flanked, lemuel_coloured_pillars_altar,
          serial_shops, shop

Skill      XL: |  1  2  3  4  5  6  7 |
---------------+----------------------+-----
Unarmed Combat | 4 5 6 7 8 |  8.0
Shapeshifting  | 4 5 |  5.9
Fighting       | |  1.1
Dodging        | |  2.1

Action                     |  1- 3 |  4- 6 |  7- 9 || total
---------------------------+-------+-------+-------++-------
  Melee: Unarmed           |    82 |   132 |    23 ||   237
         Punch             |     1 |     3 |     1 ||     5
    Use: Potion            |       |     1 |       ||     1
 Armour: Animal skin       |    42 |     9 |       ||    51
         Ring mail         |       |    39 |    10 ||    49
         Skin              |       |     9 |       ||     9
  Dodge: Dodged            |    56 |    66 |    12 ||   134

Table legend: (Time is in decaauts)
 A = Elapsed time spent in this place.
 B = Non-inter-level travel time spent in this place.
 C = Inter-level travel time spent in this place.
 D = Time resting spent in this place.
 E = Time spent auto-exploring this place.
 F = Levels seen in this place.
 G = Mean time per level.
                   A        B        C        D        E       F      G
               +--------+--------+--------+--------+--------+-----+--------+
         Total |   1679 |   1640 |     39 |     38 |    909 |   6 |  279.8 |
       Dungeon |   1679 |   1640 |     39 |     38 |    909 |   6 |  279.8 |
               +--------+--------+--------+--------+--------+-----+--------+

Top non-repeatable levels by time:
     D:3: 443 daAuts
     D:2: 339 daAuts
     D:4: 332 daAuts
     D:1: 267 daAuts
     D:5: 255 daAuts
     D:6: 40 daAuts
